 Dungeon Crawl Stone Soup version 0.31-a0-221-gbddc013574 (webtiles) character file.

Game seed: 15748571742676979892

63 qw the Shooter (level 4, -2/26 HPs)
             Began as a Gargoyle Hexslinger on July 3, 2023.
             Killed from afar by an orc wizard (3 damage)
             ... with a magic dart
             ... on level 3 of the Dungeon.
             The game lasted 00:00:40 (1174 turns).

qw the Shooter (Gargoyle Hexslinger)                Turns: 1174, Time: 00:00:40

Health: -2/26      AC: 10    Str: 11    XL:     4   Next: 10%
Magic:  5/5        EV: 10    Int: 14    God:
Gold:   100        SH:  5    Dex: 14    Spells: 4/5 levels left

rFire   . . .        Y - +2 sling
rCold   . . .        (no shield)
rNeg    + . .        n - +0 ring mail
rPois   inf          (no helmet)
rElec   +            (no cloak)
rCorr   .            (no gloves)
SInv    .            (no boots)
Will    .....        b - amulet of reflection
Stlth   +            (no ring)
HPRegen 1.04/turn    (no ring)
MPRegen 0.09/turn

%: reflection
@: no status effects
A: sickness immunity, AC +3, negative energy resistance 1, electricity
resistance, torment resistance 1, petrification resistance, talons 1, iridescent
scales 1, regeneration 1
a: no special abilities


You were on level 3 of the Dungeon.
You visited 1 branch of the dungeon, and saw 3 of its levels.

You collected 100 gold pieces.


Innate Abilities, Weirdness & Mutations

You are immune to sickness and miasma.
Your stone body is resilient. (AC +3)
You are immune to poison.
You resist negative energy. (rN+)
You are resistant to electric shocks. (rElec)
You are resistant to unholy torment.
You are immune to petrification.
You have sharp toenails.
You are partially covered in iridescent scales. (AC +2)
Your natural rate of healing is unusually fast.


   Skills:
 - Level 2.0 Fighting
 + Level 3.9 Ranged Weapons
 - Level 1.5 Dodging
 - Level 1.0 Spellcasting
 - Level 2.6 Hexes


You had 4 spell levels left.
You knew the following spells:

 Your Spells              Type           Power      Damage    Failure   Level
a - Slow                  Hex            32%        N/A       22%         1

Your spell library contained the following spells:

 Spells                   Type           Power      Damage    Failure   Level
 Inner Flame              Hex/Fire       4%         N/A       73%         3
 Portal Projectile        Hex/Tloc       8%         N/A       73%         3
 Cause Fear               Hex            4%         N/A       91%         4

Inventory:

Hand Weapons
 Y - a +2 sling (weapon)
Armour
 n - a +0 ring mail (worn)
Jewellery
 b - an amulet of reflection (around neck)
Scrolls
 d - a scroll of identify
Potions
 c - a potion of curing {unknown}
 e - a potion of magic {unknown}
 f - 2 potions of mutation
 j - a potion of degeneration {unknown}
 k - a potion of enlightenment {unknown}
 m - a potion of haste {unknown}
 o - a potion of invisibility {unknown}

Dungeon Overview and Level Annotations

Branches:
Dungeon (3/15)

Altars:


Message History

The sling bullet hits the jackal!
You kill the jackal!
The jackal bites you. The adder closely misses you.
You block the adder's attack. The orc hits you with a +0 flail!
The orc wizard casts a spell at you.
The puff of flame hits you but does no damage.
The jackal closely misses you. The adder bites you but does no damage.
You shoot a sling bullet.
The sling bullet barely misses the adder.
The adder bites you.
The jackal bites you but does no damage.
The adder closely misses you. The orc closely misses you.
The orc wizard hits you but does no damage.
The adder closely misses you. The jackal completely misses you.
The adder bites you.
You shoot a sling bullet.
The sling bullet barely misses the adder.
The orc hits you with a +0 flail. The adder barely misses you.
The jackal bites you but does no damage.
The orc wizard hits you but does no damage.
The adder bites you but does no damage. You block the orc's attack.
The orc wizard mumbles some strange words.
The orc wizard flickers and vanishes!
Deactivating autopickup; reactivate with Ctrl-A.
The jackal barely misses you. You block the adder's attack.
You shoot a sling bullet.
The sling bullet barely misses the adder.
The adder bites you. You block the jackal's attack.
The adder barely misses you. The orc barely misses you.
Something hits you but does no damage. The adder bites you.
The jackal barely misses you. The adder closely misses you.
You shoot a sling bullet. The sling bullet hits the adder!
You kill the adder!
The adder closely misses you. You block the jackal's attack.
Something hits you but does no damage. The orc closely misses you.
The adder bites you. The jackal closely misses you.
The orc hits you with a +0 flail.
You hear some strange, mumbled words.
A magic dart appears from out of thin air!
The magic dart hits you.
You die...

...... .#...
.<.. ... #..
###### #..
##....#
###Bo##..<..#
#..g{@h.....#
#...S)####.##
#.....# .#
...>.#..# .#
##....... ..
#.....).. ..
..#...#.# ..#
.##.....#


You could see an adder, an orc, a jackal, a giant cockroach and a hobgoblin.

Vanquished Creatures
  2 adders
  2 worms (D:2)
  A dart slug (D:1)
  An orc (D:3)
  8 bats
  3 endoplasms (D:1)
  2 giant cockroaches (D:1)
  5 goblins
  3 hobgoblins
  A jackal (D:3)
  5 kobolds (D:1)
  A quokka (D:2)
  3 ball pythons
  8 rats
45 creatures vanquished.

Notes
Turn   | Place    | Note
-------+----------+-------------------------------------------
     0 | D:1      | qw the Gargoyle Hexslinger began the quest for the Orb.
     0 | D:1      | Reached XP level 1. HP: 12/12 MP: 2/2
     0 | D:1      | 0 ||| qw: Version: 0.3-a-40-ge99b1a8
     0 | D:1      | 0 ||| qw: Game counter: 591
     0 | D:1      | 0 ||| qw: Melee chars always use a shield: true
     0 | D:1      | 0 ||| qw: God list: Okawaru
     0 | D:1      | 0 ||| qw: Allow faded altars: false
     0 | D:1      | 0 ||| qw: Do Orc after clearing Dungeon:15 true
     0 | D:1      | 0 ||| qw: Do second Lair branch before Depths: true
     0 | D:1      | 0 ||| qw: Lair rune preference: random
     0 | D:1      | 0 ||| qw: Goals: Normal
     0 | D:1      | 0 ||| PLANNING D:1-11
    63 | D:1      | Reached XP level 2. HP: 16/16 MP: 3/3
   178 | D:1      | Reached skill level 3 in Ranged Weapons
   492 | D:1      | Reached XP level 3. HP: 21/21 MP: 4/4
   657 | D:1      | 657 ||| UPGRADING to +0 leather armour.
   667 | D:1      | 667 ||| DROPPING +0 robe.
   668 | D:1      | 668 ||| UPGRADING to +0 ring mail.
   678 | D:1      | 678 ||| DROPPING +0 leather armour.
   679 | D:1      | 679 ||| READING scroll labelled NIETEJAILI.
   680 | D:1      | 680 ||| READING scroll labelled LEOLUAX VIMYTZ.
   681 | D:1      | 681 ||| READING scroll labelled HOMYB LIPN.
   682 | D:1      | 682 ||| READING scroll labelled UTIYCR KY ASS.
   683 | D:1      | 683 ||| DROPPING scroll of poison.
  1052 | D:2      | Reached XP level 4. HP: 26/26 MP: 5/5
  1121 | D:2      | 1121 ||| UPGRADING to amulet of reflection.
  1126 | D:2      | 1126 ||| READING scroll labelled ARUGUM REHUOZO.
  1127 | D:2      | 1127 ||| READING scroll labelled EBLUDUU ESEC.
  1130 | D:2      | 1130 ||| DRINKING 3 bubbling yellow potions.
  1130 | D:2      | Gained mutation: Your natural rate of healing is unusually
                  | fast. [potion of mutation]
  1130 | D:2      | Gained mutation: You have sharp toenails. [potion of
                  | mutation]
  1130 | D:2      | Gained mutation: You are partially covered in iridescent
                  | scales. (AC +2) [potion of mutation]
  1131 | D:2      | 1131 ||| DRINKING 2 brown potions.
  1139 | D:2      | 1139 ||| DROPPING potion of ambrosia.
  1174 | D:3      | HP: 6/26 [adder (3)]
  1174 | D:3      | HP: 1/26 [orc/+0 flail (5)]
  1174 | D:3      | Killed from afar by an orc wizard

Levels and vault maps discovered:
D:1:      nicolae_arrival_memento_mori, layout_loops_cross, supply_closet_lemuel
D:2:      layout_rooms
D:3:      layout_rooms, pdpol_wu_jian_five_deadly_venoms,
          shapermc_ecumenical_altar_gd

Skill      XL: |  1  2 |
---------------+-------+-----
Ranged Weapons | 3 |  3.9
Fighting       | 2 |  2.0
Dodging        | |  1.5
Spellcasting   | |  1.0
Hexes          | |  2.6

Action                     |  1- 3 |  4- 6 || total
---------------------------+-------+-------++-------
   Fire: Sling             |   124 |    23 ||   147
    Use: Scroll            |     4 |     2 ||     6
         Potion            |       |     2 ||     2
 Armour: Robe              |    13 |       ||    13
         Ring mail         |    10 |    28 ||    38
  Dodge: Dodged            |    38 |    26 ||    64
  Block: Other             |       |    19 ||    19

Table legend:
 A = Non-vault XP
 B = Vault XP
 C = Vault XP percentage of total XP
 D = Non-vault monster count
 E = Vault monster count
 F = Vault count percentage of total count
                 A         B        C        D         E       F
            +---------+---------+-------+---------+---------+-------
      Total |     105 |       0 |   0.0 |      45 |       0 |   0.0
            +---------+---------+-------+---------+---------+-------
        D:1 |      44 |       0 |   0.0 |      26 |       0 |   0.0
        D:2 |      41 |       0 |   0.0 |      15 |       0 |   0.0
        D:3 |      20 |       0 |   0.0 |       4 |       0 |   0.0
            +---------+---------+-------+---------+---------+-------
